 Dungeon Crawl Stone Soup version 0.32-a0-779-g362cfcae2a (webtiles) character file.

Game seed: 13219424268400437052

69858 Dirtsage the Geomancer (level 14, -2/113 (118) HPs)
             Began as a Mountain Dwarf Fighter on Mar 19, 2024.
             Was the Champion of Zin.
             Slain by a vampire mage (6 damage)
             ... on level 14 of the Dungeon.
             The game lasted 01:02:40 (20647 turns).

Dirtsage the Geomancer (Mountain Dwarf Fighter)    Turns: 20647, Time: 01:02:41

HP:   -2/113 (118)  AC: 16    Str: 27    XL:     14   Next: 91%
MP:   26/32         EV:  9    Int: 20    God:    Zin [******]
Gold: 706           SH:  6    Dex: 14    Spells: 7/21 levels left

rFire   + + .        m - +3 Elemental Staff {ele, rElec rF+ rC+ AC+3}
rCold   + . .        c - +0 buckler
rNeg    . . .        k - +1 ring mail of Death Resistance {rF+ Regen+ Int-2}
rPois   ∞            (no helmet)
rElec   +            p - +2 cloak
rCorr   .            (no gloves)
SInv    .            z - +1 pair of boots
Will    +....        j - amulet of faith
Stlth   +            A - +6 ring of intelligence
HPRegen 1.18/turn    I - ring of magical power
MPRegen 0.23/turn

%: faith
@: vitalised, lightly drained
A: runic magic, artefact enchanting
a: Renounce Religion, Recite, Vitalisation, Imprison, Sanctuary, Donate Gold


You were on level 14 of the Dungeon.
You worshipped Zin.
Zin was exalted by your worship.
You visited 3 branches of the dungeon, and saw 21 of its levels.
You also visited: Ice Cave.

You collected 1251 gold pieces.
You spent 420 gold pieces at shops.
You donated 125 gold pieces to Zin.

Inventory:

Hand Weapons
 a - a +0 war axe
 m - the +3 Elemental Staff (weapon) {ele, rElec rF+ rC+ AC+3}
   (You acquired it on level 3 of the Dungeon)

   AC+3:      It affects your AC (+3).
   rF+:       It protects you from fire.
   rC+:       It protects you from cold.
   rElec:     It insulates you from electricity.
 s - a +5 flail of protection
Missiles
 u - 2 curare-tipped darts
Armour
 c - a +0 buckler (worn)
 g - the +6 ring mail of the Caustic God {Str+4 Int+3}
   (You found it on level 2 of the Dungeon)

   Str+4:     It affects your strength (+4).
   Int+3:     It affects your intelligence (+3).
 k - the +1 ring mail of Death Resistance (worn) {rF+ Regen+ Int-2}
   (You found it on level 10 of the Dungeon)

   Int-2:     It affects your intelligence (-2).
   rF+:       It protects you from fire.
   Regen+:    It increases your rate of health regeneration.
 p - a +2 cloak (worn)
 z - a +1 pair of boots (worn)
 T - a scarf of shadows
Jewellery
 j - an amulet of faith (around neck)
 A - a +6 ring of intelligence (left hand)
 B - a ring of fire
 F - a ring of protection from fire
 I - a ring of magical power (right hand)
 M - a ring of ice
 N - a ring of ice
Wands
 e - a wand of flame (39)
 w - a wand of charming (21)
 D - a wand of digging (3)
 E - a wand of quicksilver (5)
 H - a wand of roots (9)
Scrolls
 i - 10 scrolls of identify
 r - 2 scrolls of amnesia
 t - 2 scrolls of teleportation
 v - 7 scrolls of vulnerability
 x - a scroll of fog
 y - a scroll of brand weapon
 C - a scroll of summoning
 J - 2 scrolls of immolation
 K - 2 scrolls of poison
 P - 7 scrolls of revelation
 R - a scroll of silence
 S - 3 scrolls of enchant weapon
Potions
 d - 2 potions of might
 f - 6 potions of attraction
 h - 2 potions of haste
 l - 6 potions of heal wounds
 n - 2 potions of resistance
 o - 4 potions of mutation
 q - 13 potions of curing
 G - a potion of invisibility
 L - a potion of enlightenment
 O - a potion of brilliance
 Q - a potion of magic {unknown}
Miscellaneous
 b - a phial of floods


   Skills:
 + Level 9.0 Fighting
 - Level 6.7 Axes
 - Level 12.0 Staves
 + Level 7.3 Armour
 + Level 8.6 Shields
 + Level 4.1 Spellcasting
 + Level 3.5 Conjurations
 * Level 4.9 Ice Magic
 * Level 14.2 Earth Magic
 + Level 13.2 Invocations
 + Level 10.7 Evocations


You had 7 spell levels left.
You knew the following spells:

 Your Spells              Type           Power      Damage    Failure   Level
a - Permafrost Eruption   Ice/Erth       38%        2x4d11    43%         6
x - Stone Arrow           Conj/Erth      100%       3d13      1%          3
z - Lee's Rapid Deconstr  Erth           37%        3d19*     1%          5

Your spell library contained the following spells:

 Spells                   Type           Power      Damage    Failure   Level
 Passwall                 Erth           75%        N/A       1%          3
 Magic Dart               Conj           72%        1d6       3%          1
 Sting                    Conj/Alch      44%        1d5       8%          1
 Leda's Liquefaction      Alch/Erth      24%        N/A       9%          4
 Slow                     Hex            16%        N/A       16%         1
 Blink                    Tloc           8%         N/A       24%         2
 Call Imp                 Summ           8%         N/A       24%         2
 Scorch                   Fire           12%        2d5       24%         2
 Confusing Touch          Hex            4%         N/A       43%         3
 Tukima's Dance           Hex            4%         N/A       43%         3
 Vampiric Draining        Necr           4%         2d6       43%         3
 Volatile Blastmotes      Fire/Tloc      12%        2d11      43%         3
 Bombard                  Conj/Erth      28%        9d5       52%         6
 Flame Wave               Conj/Fire      16%        2d7       58%         4
 Iskenderun's Mystic Bla  Conj/Tloc      11%        2d4       58%         4
 Dimensional Bullseye     Hex/Tloc       2%         N/A       83%         4
 Metabolic Englaciation   Hex/Ice        10%        N/A       83%         5
 Conjure Ball Lightning   Conj/Air       8%         3x3d6     100%        6
 Summon Cactus Giant      Summ           2%         N/A       100%        6
 Discord                  Hex            2%         N/A       100%        8
 Disjunction              Tloc           2%         N/A       100%        8


Dungeon Overview and Level Annotations

Branches:
Dungeon (15/15)            Temple (1/1) D:6            Lair (5/5) D:10
  Swamp (0/4) Lair:3       Spider (0/4) Lair:2        Slime (0/5) Lair:5
 Vaults (0/5) D:13         Depths (0/4) D:15          IceCv (visited)
    Orc: D:9-12

Altars:
Ashenzari
Cheibriados
Dithmenos
Elyvilon
Fedhas
Gozag
Hepliaklqana
Kikubaaqudgha
Makhleb
Nemelex Xobeh
Okawaru
Qazlal
Ru
Sif Muna
Trog
Uskayaw
Vehumet
Wu Jian
Xom
Yredelemnul
Zin
The Shining One
Jiyva

Shops:
D:6 :   D:11 [

Annotations:
D:13 3 runed translucent doors, Circhoes's ghost, adept FoFi
Lair:1 2 transporters


Innate Abilities, Weirdness & Mutations

Your spellcasting is much less encumbered by armour.
You can use scrolls of enchantment on lesser artefacts.


Message History

Aiming: Lee's Rapid Deconstruction (dangerous; 1% risk of failure)
Press: ? - help, Dir - move target, f - skeletal warrior Fragment what (e.g. wall or brittle monster)?: a skeletal warrior, wielding a +0 trident (softly glowing)
You feel a surge of power!
The skeletal warrior shatters!
The skeletal warrior is moderately damaged.
The blast of bone shards hits the skeletal warrior!
The skeletal warrior is almost destroyed.
The blast of bone shards hits something! "...of anarchy, Zin taketh."
You finish reciting Abominations 5:58.
You hear a horrible gurgling sound!
The white ugly thing is seared!
Something hits you. You block something's attack.
The skeletal warrior hits you from afar with a +0 trident!
The skeletal warrior hits you from afar with a +0 trident!!
* * * LOW HITPOINT WARNING * * *
A white ugly thing comes into view. x2
You take 33 damage, and have 35/118 hp.
MASSIVE DAMAGE!!
You now have 27/32 mp.
The white ugly thing is seared!
Something hits you!
* * * LOW HITPOINT WARNING * * *
Something bites you but does no damage.
You block the skeletal warrior's attack. x2
The white ugly thing closely misses you.
You climb upwards.
Reactivating autopickup.
There is a stone staircase leading down here.
You take 6 damage, and have 29/118 hp.
You are ready to recite again.
Something completely misses you. Something bites you but does no damage.
Deactivating autopickup; reactivate with Ctrl-A.
You hear some strange, mumbled words.
A bolt of negative energy appears from out of thin air!
The bolt of negative energy hits you!!
You feel drained.
* * * LOW HITPOINT WARNING * * *
You take 27 damage, and have 3/113 hp.
MASSIVE DAMAGE!!
You barely miss something. Something hits you but does no damage.
Something bites you but does no damage. Zin grants you divine stamina.
Something hits you.
You die...

####.....................#
..........#..............#
....#.......(............#
....##...................#
.........................#
....##...................#
.........................#
....................######
................@...#
.^#....#......>{...##
..#....#....#......#
.......#....#......#
.##....#....#....÷.#
.##....#....#......#
.##....#....#......#
.##....#....#......#
.##....#############


There were no monsters in sight!

Vanquished Creatures
  Nessos (Lair:4)
  6 vault guards
  3 hydras
  3 centaur warriors
  A catoblepas (D:14)
  A boulder beetle (D:13)
  An alligator (Lair:3)
  2 two-headed ogres
  Nergalle (Lair:1)
  2 goliath frogs (Lair:5)
  Pikel (D:4)
  2 lindwurms
  4 ugly things
  A wolf spider (Lair:2)
  A manticore (D:12)
  3 black mambas
  A cyclops (D:14)
  14 elephants
  3 ice statues (IceCv)
  2 gargoyles
  19 cane toads
  A torpor snail (Lair:4)
  The ghost of Hans the Chiller, a novice DgIE (D:6)
  Jeremiah (D:9)
  An efreet (D:13)
  6 rime drakes
  An anaconda simulacrum (IceCv)
  7 komodo dragons
  3 tyrant leeches (Lair:5)
  4 polar bears
  A queen bee (shapeshifter) (D:14)
  Grinder (D:5)
  20 blink frogs
  A troll (D:12)
  A hornet (Lair:3)
  7 dream sheep (Lair:5)
  10 slime creatures
  3 wraiths
  2 water elementals (D:14)
  3 wyverns
  A vampire (D:12)
  A culicivora (Lair:2)
  2 shadows
  A dire elephant simulacrum (IceCv)
  83 yaks
  Eustachio (D:4)
  A basilisk (Lair:3)
  2 steam dragons
  A death yak simulacrum (IceCv)
  10 vampire mosquitoes
  Edmund (D:4)
  2 harpy simulacra (IceCv)
  20 water moccasins
  2 laughing skulls (D:12)
  4 orc warriors
  3 black bears
  2 ogres
  40 wolves
  9 centaurs
  2 phantoms
  4 kobold brigands
  18 bullfrogs
  4 scorpions
  2 gnoll sergeants
  A cane toad simulacrum (IceCv)
  A scorpion (shapeshifter) (D:14)
  2 elephant simulacra (IceCv)
  4 electric eels
  2 howler monkeys (D:11)
  A bombardier beetle (D:3)
  A gnoll bouda (D:9)
  3 hounds
  2 jellies
  7 orc priests
  3 iguanas
  Natasha (thrice) (D:3)
  14 orc wizards
  A sleepcap (D:6)
  4 hell rats (Lair:4)
  A polar bear simulacrum (IceCv)
  15 gnolls
  7 adders
  2 shadow imps
  3 white imps
  A dart slug (D:1)
  39 orcs
  8 endoplasms
  3 giant cockroaches (D:4)
  6 goblins
  4 hobgoblins
  7 jackals
  17 kobolds
  3 quokkas
  6 ball pythons
  6 bats
  3 rats
542 creatures vanquished.

Vanquished Creatures (others)
  A deep elf pyromancer (D:14)
  A bombardier beetle (D:7)
  An orc (D:12)
3 creatures vanquished.

Grand Total: 545 creatures vanquished

Notes
Turn   | Place    | Note
-------+----------+-------------------------------------------
     0 | D:1      | Dirtsage the Mountain Dwarf Fighter began the quest for the
                  | Orb.
     0 | D:1      | Reached XP level 1. HP: 19/19 MP: 1/1
   269 | D:1      | Reached XP level 2. HP: 26/26 MP: 2/2
   931 | D:2      | Identified the +6 ring mail of the Caustic God {Str+4
                  | Int+3}
  1031 | D:2      | Reached XP level 3. HP: 30/31 MP: 3/3
  1734 | D:3      | Reached skill level 5 in Axes
  1815 | D:3      | Reached XP level 4. HP: 38/38 MP: 4/4
  1852 | D:3      | Noticed Natasha
  1862 | D:3      | Killed Natasha
  1899 | D:3      | Noticed Natasha
  1906 | D:3      | Killed Natasha
  1907 | D:3      | Reached XP level 5. HP: 39/45 MP: 5/5
  2109 | D:3      | Noticed Natasha
  2117 | D:3      | Killed Natasha
  2118 | D:3      | Identified a scroll of acquirement
  2118 | D:3      | Acquired the +3 Elemental Staff {ele, rElec rF+ rC+ AC+3}
  2118 | D:3      | Found the +3 Elemental Staff {ele, rElec rF+ rC+ AC+3}
  2684 | D:4      | Reached skill level 1 in Staves
  2722 | D:4      | Reached skill level 1 in Evocations
  2823 | D:4      | Reached XP level 6. HP: 51/51 MP: 6/6
  2846 | D:4      | Found a burning altar of Makhleb.
  2942 | D:4      | Noticed Eustachio
  2999 | D:4      | Killed Eustachio
  3169 | D:4      | Reached XP level 7. HP: 57/57 MP: 7/7
  3616 | D:5      | Entered Level 5 of the Dungeon
  3616 | D:5      | Noticed Grinder
  3662 | D:5      | Noticed Edmund
  3670 | D:4      | Reached skill level 5 in Staves
  3729 | D:5      | Found a shimmering altar of Xom.
  3736 | D:5      | Found a sacrificial altar of Ru.
  3736 | D:5      | Found an ornate altar of the Wu Jian Council.
  3741 | D:5      | Found a glowing golden altar of the Shining One.
  3756 | D:5      | Noticed Pikel
  3801 | D:4      | Killed Edmund
  3974 | D:4      | Killed Pikel
  3975 | D:4      | Reached skill level 5 in Evocations
  3975 | D:4      | Reached XP level 8. HP: 30/63 MP: 8/8
  4421 | D:5      | You fall into a shaft and drop 3 floors!
  4578 | D:8      | Reached XP level 9. HP: 66/70 MP: 9/9
  4690 | D:8      | Reached skill level 10 in Staves
  4990 | D:6      | Found a staircase to the Ecumenical Temple.
  4998 | Temple   | Entered the Ecumenical Temple
  5004 | Temple   | Became a worshipper of Zin the Law-Giver
  5004 | Temple   | Reached * piety under Zin
  5004 | Temple   | Reached ** piety under Zin
  5325 | D:5      | Killed Grinder
  5326 | D:5      | Reached skill level 1 in Invocations
  5479 | D:6      | Found Qomei's Self-Published Books.
  5535 | D:6      | Noticed Hans's ghost (novice DgIE)
  5554 | D:6      | Found a runed translucent gate.
  5554 | D:6      | Found a runed translucent gate.
  5555 | D:6      | Found a runed translucent gate.
  5828 | D:6      | Found a white marble altar of Elyvilon.
  5871 | D:6      | Found a radiant altar of Vehumet.
  6093 | D:6      | Killed Hans's ghost
  6094 | D:6      | Reached XP level 10. HP: 75/80 MP: 12/12
  6310 | D:7      | Reached *** piety under Zin
  6365 | D:7      | Found a stormy altar of Qazlal.
  7276 | D:9      | Reached skill level 5 in Fighting
  7276 | D:9      | Reached skill level 5 in Shields
  7311 | D:9      | Reached skill level 5 in Invocations
  7348 | D:9      | Reached **** piety under Zin
  7616 | D:6      | Bought the Folio of Ranged Poking for 420 gold pieces
  7620 | D:6      | Learned a level 3 spell: Stone Arrow
  7774 | D:9      | Noticed Jeremiah
  7798 | D:9      | Killed Jeremiah
  7799 | D:9      | Reached skill level 1 in Earth Magic
  8206 | D:10     | Entered Level 10 of the Dungeon
  8405 | D:10     | Found a staircase to the Lair.
  8428 | D:10     | Reached skill level 2 in Earth Magic
  8431 | D:10     | Reached skill level 1 in Conjurations
  8455 | D:10     | Reached XP level 11. HP: 86/89 MP: 15/15
  8483 | D:10     | Reached skill level 3 in Earth Magic
  9292 | D:10     | Identified the +1 ring mail of Death Resistance {rF+ Regen+
                  | Int-2}
  9358 | D:10     | Noticed a two-headed ogre
  9369 | D:10     | Killed a two-headed ogre
  9370 | D:10     | Reached skill level 4 in Earth Magic
  9691 | D:11     | Learned a level 5 spell: Lee's Rapid Deconstruction
  9731 | D:11     | Found Udiora Vuagi's Armour Shoppe.
  9927 | D:12     | Reached skill level 5 in Earth Magic
 10013 | D:12     | Reached ***** piety under Zin
 10033 | D:12     | Reached skill level 6 in Earth Magic
 10197 | D:12     | Reached skill level 7 in Earth Magic
 10437 | D:12     | Noticed a two-headed ogre
 10442 | D:12     | Killed a two-headed ogre
 10458 | D:12     | Reached skill level 8 in Earth Magic
 10468 | D:12     | Reached XP level 12. HP: 97/97 MP: 18/18
 10657 | D:12     | Noticed a centaur warrior
 10678 | D:12     | Killed a centaur warrior
 10934 | D:13     | Found a runed translucent gate.
 10934 | D:13     | Found a runed translucent gate.
 10943 | D:13     | Noticed a centaur warrior
 10944 | D:13     | Noticed a merfolk impaler
 10945 | D:13     | Found a runed translucent gate.
 10945 | D:13     | Noticed a merfolk javelineer
 10945 | D:13     | Noticed Circhoes's ghost (adept FoFi)
 10946 | D:13     | Noticed a merfolk impaler
 10971 | D:13     | Reached skill level 9 in Earth Magic
 10996 | D:13     | Noticed a boulder beetle
 11016 | D:13     | Killed a boulder beetle
 11182 | D:13     | Reached skill level 10 in Invocations
 11497 | D:13     | Noticed a centaur warrior
 11505 | D:13     | Killed a centaur warrior
 11506 | D:13     | Reached skill level 10 in Earth Magic
 11512 | D:13     | Found a frozen archway.
 11565 | IceCv    | Entered an ice cave
 11740 | IceCv    | Reached skill level 11 in Earth Magic
 12174 | D:13     | Found a gate to the Vaults.
 12174 | D:13     | Noticed a vault guard
 12174 | D:13     | Noticed a vault guard
 12174 | D:13     | Noticed a vault guard
 12174 | D:13     | Noticed a vault guard
 12283 | Lair:1   | Entered Level 1 of the Lair of Beasts
 12374 | Lair:1   | Found a transporter.
 12400 | Lair:1   | Found a transporter.
 12402 | Lair:1   | Found the +6 Majin-Bo {spellvamp, MP+6 Int+6}
 12478 | Lair:1   | Reached ****** piety under Zin
 12630 | Lair:1   | Reached skill level 12 in Earth Magic
 12669 | Lair:1   | Reached XP level 13. HP: 44/104 MP: 18/21
 12674 | Lair:1   | Reached skill level 1 in Ice Magic
 12797 | Lair:1   | Noticed Nergalle
 12813 | Lair:1   | Killed Nergalle
 12982 | Lair:1   | Reached skill level 5 in Armour
 13033 | Lair:1   | Reached skill level 1 in Spellcasting
 13822 | Lair:2   | You fall into a shaft and drop 1 floor!
 14292 | Lair:2   | Found a hole to the Spider Nest.
 14956 | Lair:3   | Reached skill level 13 in Earth Magic
 14967 | Lair:3   | Reached skill level 10 in Evocations
 15228 | Lair:3   | Found a staircase to the Swamp.
 16073 | Lair:4   | Reached XP level 14. HP: 104/114 MP: 23/23
 16690 | Lair:4   | Identified the +6 sling of True Grit {freeze, ^Fragile rN+
                  | Will+ Dex+2}
 16690 | Lair:4   | Noticed Nessos
 16694 | Lair:4   | Killed Nessos
 17236 | Lair:5   | Entered Level 5 of the Lair of Beasts
 18288 | Lair:5   | Found a viscous altar of Jiyva.
 18289 | Lair:5   | Found a staircase to the Slime Pits.
 18641 | Lair:5   | Reached skill level 14 in Earth Magic
 19273 | Lair:5   | Learned a level 6 spell: Permafrost Eruption
 19750 | D:13     | Got Wuihuuk's Directory of Hail
 19819 | D:13     | Found an iron altar of Okawaru.
 20626 | D:15     | Entered Level 15 of the Dungeon
 20626 | D:15     | Found a staircase to the Depths.
 20645 | D:14     | HP: 3/113 [something/bolt of negative energy (29)]
 20647 | D:14     | Slain by a vampire mage

Illustrated notes

Levels and vault maps discovered:
D:1:      mrwooster_arrival_arrow, layout_basic
D:2:      layout_basic, minmay_tromino_mix6
D:3:      layout_loops_ring, kennysheep_generic_room_9, uniq_natasha
D:4:      layout_loops_ring, mainiacjoe_overflow_paths, uniq_eustachio
D:5:      layout_basic, minitemple, grunt_ministairs_1, uniq_edmund, uniq_pikel,
          uniq_grinder
D:6:      layout_basic, mainiacjoe_overflow_two_lobes,
          minmay_temple_entry_junction, gammafunk_ghost_split,
          nicolae_custom_books, minmay_misc_feat_square, grunt_decor_clamped,
          st_stairs_4
D:7:      layout_rooms, lemuel_crystal_altar
D:8:      layout_rooms
D:9:      layout_stronghold, uniq_jeremiah
D:10:     layout_loops_corners, due_lair_maze_entry_diamond
D:11:     wad_statue_garden, layout_irregular_city, hiddenorc1_lemuel,
          serial_shops, shop, uniq_maurice, uniq_urug
D:12:     layout_loops_cross, uniq_josephine
D:13:     layout_roguey, erik_vaults_2,
          portal_ice_cave_entry_animals_and_master,
          gammafunk_ghost_fury_of_okawaru, argonaut_gorgonesque
D:14:     layout_basic, serial_bayou_ford_a
D:15:     gammafunk_depths_entry_grave, layout_irregular_city,
          dreamdust_princess_bridge, uniq_jorgrun
Temple:   eino_narrow_crystal_temple
Lair:1:   gammafunk_cloud_chamber, layout_misc_corridors,
          minmay_stone_trees_small, infiniplex_staircase_pool_2, uniq_nergalle
Lair:2:   layout_gridlike, spider_nest_entry_funnel_web, grunt_megastairs_5
Lair:3:   layout_chaotic_city, mainiacjoe_swamp_entry_lozenge_pond,
          chequers_serial_rivers_marsh, dreamdust_deal_with_the_devil,
          beast_lair_carwin_6, serial_bayou_shore_a, grunt_megastairs_4
Lair:4:   layout_small_grid, serial_bayou, serial_bayou_lagoon_b,
          serial_bayou_lagoon_a, serial_bayou_lake_a, serial_bayou_pond_d,
          st_stairs_11, uniq_nessos
Lair:5:   minmay_lair_end_frog_pond, layout_layer_cave, dpeg_slime_entry_corner,
          hibernation_bobbens

Skill      XL: |  1  2  3  4  5  6  7  8  9 10 11 12 13 14 |
---------------+-------------------------------------------+-----
Axes           | 3 4 5 6 |  6.7
Staves         | 2 4 8 9 11 12 | 12.0
Evocations     | 1 3 5 6 7 8 9 10 | 10.7
Invocations    | 3 5 8 11 12 13 | 13.2
Shields        | 4 5 6 7 8 |  8.6
Fighting       | 4 5 6 7 9 |  9.0
Earth Magic    | 2 8 12 13 14 | 14.2
Conjurations   | 1 2 3 |  3.5
Armour         | 4 6 7 |  7.3
Ice Magic      | 3 4 |  4.9
Spellcasting   | 2 4 |  4.1

Action                     |  1- 3 |  4- 6 |  7- 9 | 10-12 | 13-15 || total
---------------------------+-------+-------+-------+-------+-------++-------
  Melee: War axe           |    83 |    30 |       |       |       ||   113
         Staff             |       |   135 |   310 |   700 |   773 ||  1918
   Cast: Stone Arrow       |       |       |       |    24 |    79 ||   103
         Lee's Rapid Decon |       |       |       |    21 |    56 ||    77
 Invoke: Recite            |       |       |       |     5 |     3 ||     8
         Vitalisation      |       |       |       |       |     2 ||     2
         Sanctuary         |       |       |       |       |     1 ||     1
  Evoke: Wand              |       |    10 |       |     1 |       ||    11
    Use: Scroll            |     3 |     3 |       |    16 |     3 ||    25
         Potion            |       |       |     2 |     1 |     1 ||     4
   Stab: Petrified         |       |       |       |       |     4 ||     4
 Armour: Scale mail        |    49 |       |       |       |       ||    49
         Ring mail         |    19 |   140 |   205 |   387 |   541 ||  1292
  Dodge: Dodged            |    33 |    83 |    85 |   165 |   229 ||   595
  Block: Buckler           |    22 |    44 |    45 |    92 |   141 ||   344

Table legend: (Time is in decaauts)
 A = Elapsed time spent in this place.
 B = Non-inter-level travel time spent in this place.
 C = Inter-level travel time spent in this place.
 D = Time resting spent in this place.
 E = Time spent auto-exploring this place.
 F = Levels seen in this place.
 G = Mean time per level.
                   A        B        C        D        E       F      G
               +--------+--------+--------+--------+--------+-----+--------+
         Total |  20202 |  18861 |   1341 |   1143 |  14038 |  22 |  918.3 |
       Dungeon |  12700 |  11571 |   1129 |    665 |   8579 |  15 |  846.7 |
        Temple |     12 |      7 |      5 |      0 |      0 |   1 |   12.0 |
          Lair |   6913 |   6706 |    207 |    338 |   5163 |   5 | 1382.6 |
      Ice Cave |    575 |    575 |      0 |    140 |    295 |   1 |  575.0 |
               +--------+--------+--------+--------+--------+-----+--------+

Top non-repeatable levels by time:
  Lair:5: 2009 daAuts
  Lair:4: 1681 daAuts
     D:4: 1605 daAuts
    D:10: 1505 daAuts
     D:9: 1288 daAuts
  Lair:3: 1252 daAuts
    D:12: 1159 daAuts
  Lair:2: 1129 daAuts
     D:6: 1043 daAuts
     D:2: 953 daAuts
    D:13: 875 daAuts
  Lair:1: 840 daAuts
     D:3: 817 daAuts
     D:1: 803 daAuts
    D:14: 755 daAuts
